 Dungeon Crawl Stone Soup version 0.32-a0-290-g598725c5f2 (webtiles) character file.

Game seed: 7079114856874235336

189 IdlyInterested the Insei (level 5, -1/35 HPs)
             Began as an Octopode Gladiator on Feb 13, 2024.
             Slain by a gnoll
             ... wielding a +0 halberd
              (10 damage)
             ... on level 2 of the Dungeon.
             The game lasted 00:06:51 (1684 turns).

IdlyInterested the Insei (Octopode Gladiator)       Turns: 1684, Time: 00:06:52

Health: -1/35      AC:  1    Str: 14    XL:     5   Next: 68%
Magic:  6/6        EV:  8    Int: 10    God:
Gold:   26         SH:  0    Dex: 15    Spells: 6/6 levels left

rFire   . . .        i - +1 dagger (speed)
rCold   . . .        (no shield)
rNeg    . . .        b - +0 hat
rPois   .            (no amulet)
rElec   .            (no ring)
rCorr   .            (no ring)
SInv    .            (no ring)
Will    .....        (no ring)
Stlth   +++          (no ring)
HPRegen 0.25/turn    (no ring)
MPRegen 0.10/turn    (no ring)
                     (no ring)

%: no passive effects
@: held
A: almost no armour, amphibious, 8 rings, camouflage 1, gelatinous body 1,
(nimble swimmer 1), tentacles
a: no special abilities


You were on level 2 of the Dungeon.
You visited 1 branch of the dungeon, and saw 2 of its levels.

You collected 26 gold pieces.

Inventory:

Hand Weapons
 a - a +0 rapier
 i - a +1 dagger of speed (weapon)
Missiles
 c - 3 throwing nets
 d - a javelin
 f - a stone (quivered)
 j - 2 poisoned darts
Armour
 b - a +0 hat (worn)
Scrolls
 e - 3 scrolls of identify {unknown}
 g - a scroll of immolation {unknown}
 l - 3 scrolls of enchant armour {unknown}
 n - a scroll of revelation {unknown}
Potions
 h - a potion of attraction {unknown}
 k - a potion of degeneration {unknown}
 m - a potion of brilliance {unknown}


   Skills:
 + Level 2.7 Fighting
 - Level 3.0 Short Blades
 - Level 2.1 Throwing
 - Level 3.0 Dodging
 - Level 1.0 Stealth
 - Level 1.0 Shields
 * Level 3.2 Unarmed Combat
 - Level 1.0 Spellcasting
 - Level 1.0 Evocations
 - Level 2.0 Shapeshifting


You had 6 spell levels left.
You didn't know any spells.
Your spell library was empty.

Dungeon Overview and Level Annotations

Branches:
Dungeon (2/15)

Altars:


Innate Abilities, Weirdness & Mutations

You cannot wear most types of armour.
You are amphibious.
You can wear up to eight rings at the same time.
Your skin changes colour to match your surroundings (Stealth+).
Your rubbery body absorbs attacks. (AC +1, EV +1)
((You are camouflaged when in or above water. (Stealth+)))
You have tentacles for arms and can constrict up to eight enemies at once.


Message History

You constrict the quokka.
You kill the quokka!
You see here a quokka corpse.
Found a stone staircase leading down.
Found a scale mail.
A gnoll comes into view. It is wielding a +0 halberd.
The gnoll shouts!
You hear a shout!
A gnoll comes into view. It is wielding a +0 halberd.
The gnoll barely misses you.
The gnoll moves out of view.
The gnoll misses you.
You hit the gnoll. You grab the gnoll. You squeeze the gnoll.
The gnoll is heavily wounded.
You constrict the gnoll, but do no damage.
You hit the gnoll.
The gnoll is severely wounded.
You constrict the gnoll. The gnoll hits you with a +0 halberd.
You hit the gnoll but do no damage.
The gnoll is severely wounded.
You constrict the gnoll, but do no damage.
You hit the gnoll. You squeeze the gnoll.
You kill the gnoll!
A gnoll comes into view. It is wielding a +0 halberd.
A gnoll comes into view.
It is wielding a +3 flail of draining and quivering a throwing net.
You see here a +0 halberd.
The gnoll hits you with a +0 halberd!
The gnoll shouts!
You hit the gnoll. Your grab misses the gnoll. You squeeze the gnoll.
The gnoll is severely wounded.
The gnoll hits you with a +0 halberd. x2
You hit the gnoll but do no damage. Your grab misses the gnoll.
The gnoll is severely wounded.
You hit the gnoll. You grab the gnoll. You squeeze the gnoll.
You kill the gnoll!
The gnoll throws a throwing net.
The throwing net hits you.
You become entangled in the net!
The gnoll hits you with a +0 halberd!
* * * LOW HITPOINT WARNING * * *
You tear a large gash into the net.
A giant cockroach comes into view.
The gnoll hits you with a +0 halberd!
You die...

#. #.... ......
..#.#.## #######.
.#.#..# ........ ####
.....#.#....... #...
#.#..# ........
#...###....###.#...#†
#............#.>...#.
#...)###...#.###...#.
#...@# #...#.#...>.#.
#...gg.#.....#.###.##
#...##.#####.......##
#... ... #.#.###...
#..B ### #.#.# #.##
.... ..#.# #.# ###..
...#.# #.# #..
....#.# #.# ..#..#.#
#.#


You could see 2 gnolls and a giant cockroach.

Vanquished Creatures
  Natasha (thrice) (D:2)
  2 gnolls (D:2)
  2 adders (D:2)
  2 dart slugs
  5 endoplasms
  2 goblins (D:1)
  5 hobgoblins
  6 quokkas
  7 ball pythons
  4 bats
  2 frilled lizards (D:1)
  2 kobolds (D:1)
  3 rats (D:1)
45 creatures vanquished.

Notes
Turn   | Place    | Note
-------+----------+-------------------------------------------
     0 | D:1      | IdlyInterested the Octopode Gladiator began the quest for
                  | the Orb.
     0 | D:1      | Reached XP level 1. HP: 14/14 MP: 1/1
    91 | D:1      | Reached skill level 1 in Stealth
    91 | D:1      | Reached skill level 1 in Unarmed Combat
    92 | D:1      | Reached XP level 2. HP: 19/19 MP: 2/2
   229 | D:1      | Reached XP level 3. HP: 24/24 MP: 4/4
   292 | D:1      | Reached skill level 1 in Spellcasting
   577 | D:1      | Reached skill level 1 in Shapeshifting
  1033 | D:2      | Reached skill level 1 in Evocations
  1033 | D:2      | Reached XP level 4. HP: 13/29 MP: 5/5
  1369 | D:2      | Noticed Natasha
  1373 | D:2      | Killed Natasha
  1374 | D:2      | Reached skill level 1 in Shields
  1399 | D:2      | Noticed Natasha
  1408 | D:2      | Killed Natasha
  1409 | D:2      | Reached XP level 5. HP: 17/34 MP: 6/6
  1422 | D:2      | Noticed Natasha
  1436 | D:2      | Killed Natasha
  1684 | D:2      | Slain by a gnoll

Illustrated notes

Levels and vault maps discovered:
D:1:      onia_arrival_mini_maze, layout_loops_ring, corexii_leaking_fountain,
          minmay_misc_feat_ornament
D:2:      layout_basic, minmay_puff, uniq_natasha

Skill      XL: |  1  2  3  4  5 |
---------------+----------------+-----
Stealth        | 1 |  1.0
Unarmed Combat | 1 2 3 |  3.2
Spellcasting   | 1 |  1.0
Shapeshifting  | 1 2 |  2.0
Evocations     | 1 |  1.0
Shields        | 1 |  1.0
Fighting       | |  2.7
Short Blades   | |  3.0
Throwing       | |  2.1
Dodging        | |  3.0

Action                     |  1- 3 |  4- 6 || total
---------------------------+-------+-------++-------
  Melee: Rapier            |    22 |       ||    22
         Constrict         |    13 |    12 ||    25
         Tentacles         |    10 |    13 ||    23
         Dagger            |    32 |    57 ||    89
  Throw: Stone             |       |     8 ||     8
   Stab: Sleeping          |     9 |     1 ||    10
         Distracted        |     1 |       ||     1
 Armour: Skin              |    12 |    15 ||    27
  Dodge: Dodged            |    20 |    25 ||    45

Table legend: (Time is in decaauts)
 A = Elapsed time spent in this place.
 B = Non-inter-level travel time spent in this place.
 C = Inter-level travel time spent in this place.
 D = Time resting spent in this place.
 E = Time spent auto-exploring this place.
 F = Levels seen in this place.
 G = Mean time per level.
                   A        B        C        D        E       F      G
               +--------+--------+--------+--------+--------+-----+--------+
         Total |   1661 |   1538 |    123 |    223 |    992 |   2 |  830.5 |
       Dungeon |   1661 |   1538 |    123 |    223 |    992 |   2 |  830.5 |
               +--------+--------+--------+--------+--------+-----+--------+

Top non-repeatable levels by time:
     D:1: 895 daAuts
     D:2: 765 daAuts
